 Dungeon Crawl Stone Soup version 0.28.0-43-g3370ac3207 (webtiles) character file.

Game seed: 2083168221205962430

173 silky the Chopper (level 5, 0/47 HPs)
             Began as a Gnoll Chaos Knight on Mar 30, 2022.
             Was a Plaything of Xom.
             Slain by an ogre
             ... wielding a +0 giant club
              (28 damage)
             ... on level 4 of the Dungeon.
             The game lasted 00:10:54 (3426 turns).

silky the Chopper (Gnoll Chaos Knight)              Turns: 3426, Time: 00:10:55

Health: 0/47       AC:  7    Str: 14    XL:     5   Next: 53%
Magic:  7/7        EV: 12    Int: 11    God:    Xom [..*...]
Gold:   1151       SH:  0    Dex: 11    Spells: 4/7 levels left

rFire   . . .      SeeInvis .   e - +4 quarterstaff (chaos)
rCold   . . .      Faith    .   (shield currently unavailable)
rNeg    . . .      Spirit   .   b - +3 leather armour
rPois   .          Reflect  .   (no helmet)
rElec   .          Harm     .   m - +0 cloak
rCorr   .          Rampage  .   (no gloves)
Will    .....                   (no boots)
Stlth   +.........              (no amulet)
HPRegen 0.15/turn               f - ring of wizardry
MPRegen 0.10/turn               (no ring)

@: no status effects
A: fangs 1, strong nose, distributed training
a: Renounce Religion


You were on level 4 of the Dungeon.
You worshipped Xom.
You were a toy of Xom.
You visited 1 branch of the dungeon, and saw 4 of its levels.

You collected 1151 gold pieces.

Inventory:

Hand Weapons
 a - a +0 hand axe of chaos
 e - a +4 quarterstaff of chaos (weapon)
Armour
 b - a +3 leather armour (worn)
 d - a scarf of invisibility
 m - a +0 cloak (worn)
Jewellery
 f - a ring of wizardry (left hand)
Wands
 h - a wand of flame (20)
Scrolls
 c - 2 scrolls of magic mapping
 i - a scroll of identify {unknown}
Potions
 g - a potion of heal wounds


   Skills:
 + Level 6.7 Fighting
 + Level 1.5 Short Blades
 + Level 1.5 Long Blades
 + Level 6.7 Axes
 + Level 1.5 Maces & Flails
 + Level 1.5 Polearms
 + Level 1.5 Staves
 + Level 1.5 Slings
 + Level 1.5 Bows
 + Level 1.5 Crossbows
 + Level 1.5 Throwing
 + Level 4.8 Armour
 + Level 3.0 Dodging
 + Level 1.5 Stealth
 + Level 1.5 Shields
 + Level 1.5 Unarmed Combat
 + Level 1.5 Spellcasting
 + Level 1.2 Conjurations
 + Level 1.2 Hexes
 + Level 1.2 Summonings
 + Level 1.2 Necromancy
 + Level 1.2 Translocations
 + Level 1.2 Transmutations
 + Level 1.2 Fire Magic
 + Level 1.2 Ice Magic
 + Level 1.2 Air Magic
 + Level 1.2 Earth Magic
 + Level 1.2 Poison Magic
 + Level 1.7 Invocations
 + Level 1.5 Evocations


You had 4 spell levels left.
You knew the following spells:

 Your Spells              Type           Power      Damage    Failure   Level
a - Summon Guardian Gole  Hex/Summ       3%         N/A       26%         3

Your spell library contained the following spells:

 Spells                   Type           Power      Damage    Failure   Level
 Summon Small Mammal      Summ           12%        N/A       9%          1
 Call Canine Familiar     Summ           3%         N/A       26%         3


Dungeon Overview and Level Annotations

Branches:
Dungeon (4/15)
 Temple: D:4-7

Altars:
Kikubaaqudgha
Makhleb
The Shining One

Shops:
D:3 (


Innate Abilities, Weirdness & Mutations

You have very sharp teeth.
Your uncanny sense of smell can sniff out nearby items.
Your experience applies equally to all skills.


Message History

You hit the hobgoblin.
The hobgoblin is poisoned.
The hobgoblin is almost dead.
You kill the hobgoblin!
You see here a hobgoblin corpse.
Done exploring.
Save game and exit?
Okay, then.
You see here a hobgoblin corpse.
You see here 20 stones.
There is a stone staircase leading down here.
You climb downwards.
There is a stone staircase leading up here.
The helpless kobold fails to defend itself.
You sock the kobold! You freeze the kobold.
You kill the kobold!
Found a scroll labelled OTALIV OD MAXE.
Things that are here:
a +0 club; a stone; a kobold corpse An endoplasm comes into view.
Found 11 gold pieces.
The endoplasm quivers.
An ogre comes into view. It is wielding a +0 giant club.
You see here a scroll labelled OTALIV OD MAXE.
i - a scroll labelled OTALIV OD MAXE The endoplasm freezes you.
You are frozen.
You hit the endoplasm. You burn the endoplasm.
The endoplasm is heavily wounded.
The endoplasm barely misses you.
Found a stone staircase leading down.
The endoplasm hits you.
You barely miss the ogre. The endoplasm barely misses you.
The ogre hits you with a +0 giant club!
You hit the ogre.
The ogre resists with some effort.
You bite the ogre, but do no damage.
The ogre is moderately wounded.
The endoplasm closely misses you.
The ogre hits you with a +0 giant club!!
Ouch! That really hurt!
You die...
Xom bursts into laughter!

#................###
.............).####
....#.........##
...#..........###
#...............#
#.................
##...............$.#
#........J........##
........O@......#.#
................##.
................#
................#
................#
.................
...............#>
................


You could see an ogre and an endoplasm.

Vanquished Creatures
  Crazy Yiuf (D:3)
  Ijyb (D:3)
  Robin (D:2)
  3 adders (D:2)
  A gnoll (D:1)
  A worm (D:3)
  4 dart slugs
  An orc (D:3)
  5 bats
  2 endoplasms
  2 giant cockroaches
  11 goblins (D:2)
  8 hobgoblins
  6 jackals
  A quokka (D:2)
  2 ball pythons
  A frilled lizard (D:1)
  6 kobolds
  2 rats
59 creatures vanquished.

Notes
Turn   | Place    | Note
-------+----------+-------------------------------------------
     0 | D:1      | silky the Gnoll Chaos Knight began the quest for the Orb.
     0 | D:1      | Reached XP level 1. HP: 23/23 MP: 1/1
    37 | D:1      | Found a faded altar of an unknown god.
   216 | D:1      | Reached XP level 2. HP: 29/29 MP: 2/2
   246 | D:1      | XOM: silly message
   336 | D:1      | XOM: silly message
   356 | D:1      | Reached XP level 3. HP: 30/35 MP: 3/3
   842 | D:2      | Reached skill level 1 in Invocations
   849 | D:2      | XOM: divination: detect creatures
   895 | D:2      | XOM: silly message
  1188 | D:2      | Reached skill level 1 in Short Blades
  1188 | D:2      | Reached skill level 1 in Long Blades
  1188 | D:2      | Reached skill level 1 in Maces & Flails
  1188 | D:2      | Reached skill level 1 in Polearms
  1188 | D:2      | Reached skill level 1 in Staves
  1188 | D:2      | Reached skill level 1 in Slings
  1188 | D:2      | Reached skill level 1 in Bows
  1188 | D:2      | Reached skill level 1 in Crossbows
  1188 | D:2      | Reached skill level 1 in Throwing
  1188 | D:2      | Reached skill level 1 in Stealth
  1188 | D:2      | Reached skill level 1 in Shields
  1188 | D:2      | Reached skill level 1 in Unarmed Combat
  1188 | D:2      | Reached skill level 1 in Spellcasting
  1188 | D:2      | Reached skill level 1 in Evocations
  1223 | D:2      | XOM: noise
  1417 | D:2      | Noticed Robin
  1433 | D:2      | Reached XP level 4. HP: 34/41 MP: 5/5
  1457 | D:2      | Killed Robin
  1481 | D:2      | XOM: noise
  1707 | D:2      | XOM: 4-stop teleportation journey
  1809 | D:2      | Reached skill level 1 in Conjurations
  1809 | D:2      | Reached skill level 1 in Hexes
  1809 | D:2      | Reached skill level 1 in Summonings
  1809 | D:2      | Reached skill level 1 in Necromancy
  1809 | D:2      | Reached skill level 1 in Translocations
  1809 | D:2      | Reached skill level 1 in Transmutations
  1809 | D:2      | Reached skill level 1 in Fire Magic
  1809 | D:2      | Reached skill level 1 in Ice Magic
  1809 | D:2      | Reached skill level 1 in Air Magic
  1809 | D:2      | Reached skill level 1 in Earth Magic
  1809 | D:2      | Reached skill level 1 in Poison Magic
  1948 | D:2      | Learned a level 3 spell: Summon Guardian Golem
  2024 | D:2      | XOM: silly message
  2108 | D:2      | Identified a scroll of acquirement
  2108 | D:2      | Acquired 1086 gold pieces
  2186 | D:3      | XOM: silly message
  2269 | D:3      | XOM: noise
  2407 | D:3      | Noticed Ijyb
  2430 | D:3      | Killed Ijyb
  2431 | D:3      | Reached XP level 5. HP: 28/47 MP: 5/7
  2529 | D:3      | XOM: silly message
  2647 | D:3      | Found a glowing golden altar of the Shining One.
  2669 | D:3      | XOM: divination: detect items
  2761 | D:3      | Found Corretae's Antique Weapon Shoppe.
  2860 | D:3      | Found a burning altar of Makhleb.
  2874 | D:3      | Found an ancient bone altar of Kikubaaqudgha.
  2987 | D:3      | Found a runed translucent door.
  2988 | D:3      | Noticed Crazy Yiuf
  2997 | D:3      | XOM: potion effect (brilliance)
  3008 | D:3      | XOM: divination: detect items
  3016 | D:3      | Killed Crazy Yiuf
  3279 | D:3      | XOM: divination: detect items
  3418 | D:4      | Noticed an ogre
  3426 | D:4      | Slain by an ogre

Illustrated notes

Levels and vault maps discovered:
D:1:      lemuel_arrival_cross, layout_basic, serial_forest,
          infiniplex_forest_lined_2, infiniplex_forest_fountain,
          infiniplex_forest_lined_3, infiniplex_forest_clump_curved,
          infiniplex_forest_lined_room_2, infiniplex_forest_clump_large,
          ebering_ecumenical_altar_mist
D:2:      layout_loops_corners, minmay_goblin_outpost, uniq_robin
D:3:      layout_basic, tso_altar, minitemple, serial_shops, shop,
          kennysheep_generic_room_10, uniq_crazy_yiuf_cottage, uniq_ijyb
D:4:      layout_layer_cave, roderic_lattice_a, minmay_misc_feat_iff

Skill      XL: |  1  2  3  4  5 |
---------------+----------------+-----
Invocations    | 1 |  1.7
Short Blades   | 1 |  1.5
Long Blades    | 1 |  1.5
Maces & Flails | 1 |  1.5
Polearms       | 1 |  1.5
Staves         | 1 |  1.5
Slings         | 1 |  1.5
Bows           | 1 |  1.5
Crossbows      | 1 |  1.5
Throwing       | 1 |  1.5
Stealth        | 1 |  1.5
Shields        | 1 |  1.5
Unarmed Combat | 1 |  1.5
Spellcasting   | 1 |  1.5
Evocations     | 1 |  1.5
Conjurations   | 1 |  1.2
Hexes          | 1 |  1.2
Summonings     | 1 |  1.2
Necromancy     | 1 |  1.2
Translocations | 1 |  1.2
Transmutations | 1 |  1.2
Fire Magic     | 1 |  1.2
Ice Magic      | 1 |  1.2
Air Magic      | 1 |  1.2
Earth Magic    | 1 |  1.2
Poison Magic   | 1 |  1.2
Dodging        | 3 |  3.0
Fighting       | |  6.7
Axes           | |  6.7
Armour         | |  4.8

Action                   |  1- 3 |  4- 6 || total
-------------------------+-------+-------++-------
Melee: Hand axe          |    71 |    84 ||   155
       Punch             |     3 |     3 ||     6
       Bite              |       |     8 ||     8
       Quarterstaff      |       |     6 ||     6
Evoke: Wand              |       |     2 ||     2
  Use: Scroll            |       |     7 ||     7
       Potion            |       |     6 ||     6
 Stab: Petrifying        |     1 |       ||     1
       Sleeping          |       |     1 ||     1
Armor: Leather armour    |    35 |    28 ||    63
Dodge: Dodged            |    53 |    59 ||   112
